 Dungeon Crawl Stone Soup version 0.28.0-47-ge53b351184 (webtiles) character file.

Game seed: 11034598353217768648

11 seaoflcl the Shield-Bearer (level 2, 0/24 HPs)
             Began as a Human Fighter on May 2, 2022.
             Frozen to death by an endoplasm (3 damage)
             ... on level 1 of the Dungeon.
             The game lasted 00:00:18 (281 turns).

seaoflcl the Shield-Bearer (Human Fighter)           Turns: 281, Time: 00:00:19

Health: 0/24       AC:  6    Str: 16    XL:     2   Next: 35%
Magic:  2/2        EV:  8    Int:  8    God:
Gold:   9          SH:  4    Dex: 12    Spells: 1/1 levels left

rFire   . . .      SeeInvis .   a - +0 long sword
rCold   . . .      Faith    .   c - +0 buckler
rNeg    . . .      Spirit   .   b - +0 scale mail
rPois   .          Reflect  .   (no helmet)
rElec   .          Harm     .   (no cloak)
rCorr   .          Rampage  .   (no gloves)
Will    .....                   (no boots)
Stlth   ..........              (no amulet)
HPRegen 0.08/turn               (no ring)
MPRegen 0.08/turn               (no ring)

@: no status effects
A: no striking features
a: no special abilities


You were on level 1 of the Dungeon.
You visited 1 branch of the dungeon, and saw 1 of its levels.

You collected 9 gold pieces.

Inventory:

Hand Weapons
 a - a +0 long sword (weapon)
Armour
 b - a +0 scale mail (worn)
 c - a +0 buckler (worn)
Scrolls
 e - a scroll of acquirement {unknown}
 g - a scroll of teleportation {unknown}
Potions
 d - 2 potions of might
 f - a potion of curing {unknown}


   Skills:
 - Level 3.0 Fighting
 * Level 2.9 Long Blades
 - Level 3.0 Armour
 - Level 3.0 Shields


You had one spell level left.
You didn't know any spells.
Your spell library was empty.

Dungeon Overview and Level Annotations

Branches:
Dungeon (1/15)

Altars:


Message History

The jackal closely misses you. The jackal barely misses you.
The jackal bites you. The jackal barely misses you.
You closely miss the jackal.
The jackal is severely wounded.
The jackal bites you but does no damage.
The jackal barely misses you. The jackal bites you.
You block the jackal's attack.
You barely miss the jackal.
The jackal is severely wounded.
The jackal barely misses you. The endoplasm freezes you.
You are frozen.
You block the jackal's attack. The jackal barely misses you.
The endoplasm barely misses you.
You hit the jackal.
You kill the jackal!
The jackal bites you but does no damage.
The endoplasm hits you but does no damage.
You block the ball python's attack. The ball python barely misses you.
You slash the ball python!
You kill the ball python!
The jackal bites you but does no damage.
You block the jackal's attack. You block the giant cockroach's attack.
The endoplasm hits you but does no damage.
You barely miss the giant cockroach. The jackal bites you.
The giant cockroach bites you. You block the endoplasm's attack.
The jackal closely misses you.
You hit the giant cockroach.
You kill the giant cockroach!
The jackal bites you but does no damage.
The endoplasm freezes you.
You are frozen.
The jackal bites you.
You slash the hobgoblin!
You kill the hobgoblin!
The endoplasm freezes you.
You are frozen.
* * * LOW HITPOINT WARNING * * *
The jackal barely misses you. The endoplasm freezes you.
You are frozen.
You die...

.. .... ... #
.... ... ##.
..... #.####..
....# #..#...#
.....#
#.....###.....
##....##hJ.#
#....J.h@#
.#.....#####
............###
..._.###......##
.....#.........##
....
#.#####....###
..# ...
###....#### ..
.#. ##......## .
.. ##......#


You could see 2 endoplasms and 2 jackals.

Vanquished Creatures
  A ball python (D:1)
  An endoplasm (D:1)
  A giant cockroach (D:1)
  A goblin (D:1)
  3 hobgoblins (D:1)
  A jackal (D:1)
  A frilled lizard (D:1)
  A rat (D:1)
10 creatures vanquished.

Notes
Turn   | Place    | Note
-------+----------+-------------------------------------------
     0 | D:1      | seaoflcl the Human Fighter began the quest for the Orb.
     0 | D:1      | Reached XP level 1. HP: 18/18 MP: 1/1
   261 | D:1      | Found a faded altar of an unknown god.
   269 | D:1      | Reached XP level 2. HP: 24/24 MP: 2/2
   281 | D:1      | Frozen to death by an endoplasm

Illustrated notes

Levels and vault maps discovered:
D:1:      scummos_arrival_star, layout_rooms, serial_curves, eino_curves_02,
          eino_curves_01, ebering_ecumenical_altar_abandoned

Action                   || total
-------------------------++-------
Melee: Long sword        ||    29
Armor: Scale mail        ||    16
Dodge: Dodged            ||    23
Block: Buckler           ||    14
